 Dungeon Crawl Stone Soup version 0.18.1-50-g88ac8fd (webtiles) character file.

56 graki42 the Chopper (level 3, -3/30 HPs)
             Began as a Hill Orc Gladiator on Oct 6, 2016.
             Was an Initiate of Qazlal.
             Slain by an orc priest
             ... wielding a +0 flail
              (4 damage)
             ... on level 3 of the Dungeon.
             The game lasted 00:03:34 (1808 turns).

graki42 the Chopper (Hill Orc Gladiator)            Turns: 1808, Time: 00:03:35

Health: -3/30      AC:  4    Str: 18    XL:     3   Next: 95%
Magic:  3/3        EV: 12    Int:  8    God:    Qazlal [......]
Gold:   34         SH:  0    Dex: 11    Spells: 0 memorised, 2 levels left

rFire  . . .     SeeInvis .     a - +0 war axe
rCold  . . .     Gourm    .     b - +0 leather armour
rNeg   . . .     Faith    .     (no shield)
rPois  .         Spirit   .     c - +0 helmet
rElec  .         Dismiss  .     (no cloak)
rCorr  .         Reflect  .     (no gloves)
SustAt .         Harm     .     (no boots)
MR     .....                    (no amulet)
Stlth  +.........               (no ring)
                                (no ring)

@: not resistant to hostile enchantments, very unstealthy
A: no striking features
a: Renounce Religion, Convert to Beogh


You were on level 3 of the Dungeon.
You worshipped Qazlal.
Qazlal was noncommittal.
You were not hungry.

You visited 1 branch of the dungeon, and saw 3 of its levels.

You collected 34 gold pieces.

Inventory:

Hand Weapons
 a - a +0 war axe (weapon)
Missiles
 d - 3 throwing nets (quivered)
Armour
 b - a +0 leather armour (worn)
 c - a +0 helmet (worn)
Scrolls
 e - 2 scrolls of teleportation {unknown}
 h - 5 scrolls of identify {unknown}
 i - 2 scrolls of recharging {unknown}
 m - a scroll of enchant armour {unknown}
Potions
 j - a potion of curing {unknown}
 l - a potion of beneficial mutation {unknown}
Comestibles
 f - 2 bread rations
 g - a meat ration


   Skills:
 + Level 2.8 Fighting
 + Level 4.9 Axes
 + Level 2.0 Throwing
 + Level 0.4 Armour
 + Level 2.9 Dodging
 + Level 0.1 Stealth
 * Level 0.3 Invocations


You had 2 spell levels left.
You didn't know any spells.

Dungeon Overview and Level Annotations

Branches:
Dungeon (3/15)

Altars:
Fedhas
Qazlal
Sif Muna
Trog
Zin

Annotations:
D:2 Sigmund


Message History

The orc priest barely misses you. The quokka closely misses you.
The orc hits you with a flail.
* * * LOW HITPOINT WARNING * * *
You slash the orc priest!
The orc priest is heavily wounded.
You barely miss the orc.
The orc is severely wounded.
The orc priest threatens, "By the altar or by the axe, you will meet Beogh!"
You hit the quokka.
The quokka is severely wounded.
The quokka bites you but does no damage.
The orc priest hits you but does no damage.
The orc hits you with a flail.
* * * LOW HITPOINT WARNING * * *
Drink which item? (? for menu, Esc to quit)
It was a potion of magic.
Magic courses through your body. The quokka barely misses you.
The orc priest shouts, "Beogh is our master!
Accept the truth or die!"
The orc priest hits you with a flail.
You die...

... ## .. ..#
.###. . ..#
..#.
#.##..##...
.....(....#
#.......)#
#......# #.<..#
#.@o.# #)ro.#
......#
..###..#.. #.
.....##. ..
....)... .
........####
............###
............#


You could see an orc priest, an orc and a quokka.

Vanquished Creatures
  An adder (D:2)
  A worm (D:2)
  2 dart slugs
  3 orcs (D:3)
  A bat (D:2)
  4 giant cockroaches
  6 goblins
  2 hobgoblins (D:1)
  3 jackals (D:1)
  4 giant newts
  3 kobolds
  6 rats
36 creatures vanquished.

Notes
Turn   | Place    | Note
--------------------------------------------------------------
     0 | D:1      | graki42 the Hill Orc Gladiator began the quest for the Orb.
     0 | D:1      | Reached XP level 1. HP: 18/18 MP: 1/1
    82 | D:1      | Reached XP level 2. HP: 23/25 MP: 2/2
   737 | D:2      | Reached XP level 3. HP: 30/30 MP: 3/3
   805 | D:2      | Found a deep blue altar of Sif Muna.
  1091 | D:2      | Noticed Sigmund
  1496 | D:2      | Noticed a moth of wrath
  1499 | D:2      | Found a bloodstained altar of Trog.
  1638 | D:2      | Found a stormy altar of Qazlal.
  1641 | D:2      | Found a glowing silver altar of Zin.
  1643 | D:2      | Found a blossoming altar of Fedhas.
  1646 | D:2      | Became a worshipper of Qazlal Stormbringer
  1807 | D:3      | HP: 1/30 [orc/flail (6)]
  1808 | D:3      | Slain by an orc priest

Skill      XL: |  1  2 |
---------------+-------+-----
Throwing       | 2 |  2.0
Fighting       | |  2.8
Axes           | |  4.9
Armour         | |  0.4
Dodging        | |  2.9
Stealth        | |  0.1
Invocations    | |  0.3

Action                   || total
-------------------------++-------
Melee: War axe           ||    95
  Use: Scroll            ||     1
       Potion            ||     1
  Eat: Chunk             ||     3
Armor: Leather armour    ||    42
Dodge: Dodged            ||    98
